[Event "French Top 16-A 2024"]
[Site "Chartres"]
[Date "2024.06.04"]
[Round "6.15"]
[White "Goldsztejn, Gildas"]
[Black "Ricou, Guillaume"]
[Result "1-0"]
[ECO "C02"]
[WhiteElo "2412"]
[BlackElo "2004"]
[Annotator "RC"]
[PlyCount "41"]
[EventDate "2024.06.01"]
[EventType "team-tourn"]
[EventCountry "FRA"]
[SourceTitle "playchess.com"]
[Source "ChessBase"]
[SourceQuality "1"]
[TimeControl "40/5400+30:1800+30"]

1. e4 e6 2. d4 d5 3. e5 c5 4. c3 Qb6 5. Nf3 Nc6 6. a3 Nh6 7. Bd3 cxd4 8. O-O Bd7 9. b4 Rc8 10. Bb2 Be7 11. cxd4 Nf5 12. Nbd2 Ncxd4 13. Nxd4 Nxd4 14. Qg4 Nf5 15. Bxf5 exf5 16. Qxg7 Rf8 17. e6 Bxe6 18. Nf3 Rc2 19. Bd4 Qc7 20. Qxh7 b6 21. Bg7 1-0

[Event "French Top 16-A 2024"]
[Site "Chartres"]
[Date "2024.06.04"]
[Round "6.16"]
[White "Milliet, Sophie"]
[Black "Broly, Mathilde"]
[Result "0-1"]
[ECO "C50"]
[WhiteElo "2385"]
[BlackElo "2097"]
[Annotator "RC"]
[PlyCount "68"]
[EventDate "2024.06.01"]
[EventType "team-tourn"]
[EventCountry "FRA"]
[SourceTitle "playchess.com"]
[Source "ChessBase"]
[SourceQuality "1"]
[TimeControl "40/5400+30:1800+30"]

1. e4 e5 2. Nf3 Nc6 3. Bc4 Bc5 4. d3 Nf6 5. a4 a6 6. O-O O-O 7. Be3 Bxe3 8. fxe3 d5 9. exd5 Nxd5 10. Qe1 Be6 11. Nbd2 Ndb4 12. Rc1 Bxc4 13. Nxc4 e4 14. dxe4 Qe7 15. Ncd2 Rad8 16. Qf2 Ne5 17. Nd4 g6 18. Qg3 Kh8 19. Rf2 c5 20. N4f3 Nxf3+ 21. gxf3 f5 22. e5 f4 23. exf4 Nd5 24. Qg5 Qc7 25. Re1 Nxf4 26. Qh6 Rf5 27. Nc4 Rg5+ 28. Kf1 Qe7 29. h4 Rf5 30. Nd6 Rxe5 31. Rxe5 Qxe5 32. Nf7+ Kg8 33. Rd2 Kxf7 34. Qxh7+ Kf6 0-1

[Event "French Top 16-A 2024"]
[Site "Chartres"]
[Date "2024.06.05"]
[Round "7.1"]
[White "Karthik Venkataraman"]
[Black "Erigaisi Arjun"]
[Result "0-1"]
[ECO "C63"]
[WhiteElo "2606"]
[BlackElo "2762"]
[Annotator "TA"]
[PlyCount "88"]
[EventDate "2024.06.01"]
[EventType "team-tourn"]
[EventCountry "FRA"]
[SourceTitle "playchess.com"]
[Source "ChessBase"]
[SourceQuality "1"]
[TimeControl "40/5400+30:1800+30"]

1. e4 e5 2. Nf3 Nc6 3. Bb5 f5 4. Nc3 fxe4 5. Nxe4 d5 6. Ng3 Bg4 7. h3 Bxf3 8. Qxf3 Qd6 $1 9. c4 ({Better is} 9. O-O $11) 9... O-O-O $1 $15 10. Nf5 {[%emt 0:33:33] Prevents Nd4.} Qc5 (10... Qf6 $1 $15 11. cxd5 Nb4) 11. Bxc6 {[%emt 0:00:10] The position is equal.} Qxc6 12. Ne3 Nf6 (12... dxc4 $6 13. Qxc6 bxc6 14. Nxc4 $11) (12... Ne7 $5 13. cxd5 Nxd5 $15) 13. cxd5 Nxd5 14. O-O Bc5 15. Nc4 Rhf8 (15... Rhe8 $17 16. d3 Nb4 17. Qxc6 Nxc6) 16. Qg4+ $1 $11 Kb8 {[%emt 0:00:12] Hoping for ...Rf4.} 17. d3 (17. Nxe5 $11 {is superior.} Qe8 18. d4) 17... Bd4 18. Bg5 Rde8 $36 {[%emt 0:50:08][%mdl 2048] Black is more active.} 19. Qe4 {[%emt 0:01:33] Dodges Qg6} Nb4 20. Qxc6 Nxc6 21. Be3 Nb4 22. Rfd1 $1 b5 23. Na5 Nc2 {[%emt 0:00:00] Black is much more active.} (23... Bxb2 $2 24. Rab1 Bc3 25. Bc5 Nxa2 (25... Rf4 $2 26. g3 $18) 26. Rxb5+ Kc8 27. Bxf8 (27. Bxa7 Kd7 $16) 27... Rxf8 28. Nc6 $18) 24. Nc6+ (24. Bxd4 $17 exd4 (24... Nxd4 25. Rd2 $15) 25. Rab1) 24... Kb7 $19 25. Nxd4 (25. Bxd4 $2 exd4 (25... Nxd4 26. Nxd4 exd4 27. Kf1 $15) (25... Kxc6 26. Rac1 $11) 26. Na5+ Kb6 $19) 25... exd4 (25... Nxd4 26. Kf1 $15) 26. Rac1 Nxe3 27. fxe3 Rxe3 {[%emt 0:00:00][%mdl 4096] Endgame. KRR-KRR} 28. Rd2 c6 29. a4 a6 (29... bxa4 30. Ra1) 30. axb5 axb5 31. b4 h5 32. Kh2 g5 (32... g6 $19 {is more deadly. Strongly threatening ...Ra8.} 33. Rdc2 Rc8 (33... Rxd3 34. Rxc6 Rc3 35. R1xc3 $11) (33... Rf6 $2 34. Rd1 $19)) 33. Rdc2 (33. Rc5 $17) 33... Rf6 (33... Rxd3 34. Rxc6 Rc3 35. R6xc3 dxc3 36. Rxc3 $16) 34. Rd1 (34. Rd2 $17 {was called for.}) 34... g4 35. h4 Rfe6 36. Rc5 R6e5 {[%emt 0:00:00] ...Rxc5 would now be deadly.} 37. Rdc1 (37. Rcc1 {might work better.}) 37... Rxc5 38. Rxc5 Rxd3 {[%emt 0:00:00] Threatens to win with ...Rc3.} 39. Rxh5 {[%emt 0:00:03] KR-KR} Rc3 40. Rh7+ {[%emt 0:01:12] [#]} Kc8 $1 41. h5 (41. Ra7 $142 c5 (41... d3 42. Ra2 $17) 42. bxc5) 41... d3 {[%emt 0:15:03] ( -> ...d2)} 42. h6 {[%emt 0:01:01] [#]} g3+ $1 {[%emt 0:00:39][%mdl 512] Black mates.} 43. Kh3 Rc1 (43... d2 $2 44. Rh8+ Kd7 45. h7 $19) 44. Rh8+ Kd7 {[%emt 0:00:00] Weighted Error Value: White=0.52/Black=0.24 (precise) .  Mistake:       	White=6     	Black=3      Inaccurate:     	White=6     	Black=1      OK:         	White=4     	Black=10     Best:        	White=3     	Black=2      Strong:       	White=2     	Black=2} 0-1

[Event "French Top 16-A 2024"]
[Site "Chartres"]
[Date "2024.06.05"]
[Round "7.1"]
[White "Travadon, Loic"]
[Black "Alonso Rosell, Alvar"]
[Result "1/2-1/2"]
[ECO "B10"]
[WhiteElo "2446"]
[BlackElo "2556"]
[Annotator "TA"]
[PlyCount "27"]
[EventDate "2024.06.01"]
[EventType "team-tourn"]
[EventCountry "FRA"]
[SourceTitle "playchess.com"]
[Source "ChessBase"]
[SourceQuality "1"]
[TimeControl "40/5400+30:1800+30"]

1. e4 c6 2. Nf3 d5 3. d3 Qc7 4. Nbd2 Bg4 5. h3 Bh5 6. g4 Bg6 7. h4 {[%emt 0:01:11] [#] h5 is the strong threat.} h5 8. g5 {[%emt 0:00:06] The position is equal.} Nd7 9. Qe2 e6 10. b3 Ne7 11. Bh3 (11. Bb2 $11) 11... dxe4 (11... Bh7 $15) 12. dxe4 $11 c5 ({Better is} 12... Bh7 $11) 13. Bb2 $14 Nc6 {[%emt 0:00:06] [#]} 14. Bf5 $1 {[%emt 0:05:05] Weighted Error Value: White=0.16 (very precise) /Black=0.18 (very precise) .  Mistake:       	White=1     	Black=2      OK:         	White=3     	Black=5} 1/2-1/2

[Event "French Top 16-A 2024"]
[Site "Chartres"]
[Date "2024.06.05"]
[Round "7.2"]
[White "Postny, Evgeny"]
[Black "Lupulescu, Constantin"]
[Result "0-1"]
[ECO "D39"]
[WhiteElo "2602"]
[BlackElo "2588"]
[Annotator "RC"]
[PlyCount "104"]
[EventDate "2024.06.01"]
[EventType "team-tourn"]
[EventCountry "FRA"]
[SourceTitle "playchess.com"]
[Source "ChessBase"]
[SourceQuality "1"]
[TimeControl "40/5400+30:1800+30"]

1. d4 Nf6 2. c4 e6 3. Nf3 d5 4. Nc3 dxc4 5. e4 Bb4 6. Bg5 h6 7. Bxf6 Qxf6 8. Bxc4 c5 9. O-O cxd4 10. e5 Qd8 11. Ne4 O-O 12. Qe2 Be7 13. Rfd1 Qa5 14. a3 Rd8 15. Ng3 Bd7 16. b4 Qc7 17. Rac1 Bc6 18. Nd2 a6 19. Bd3 Nd7 20. f4 Rac8 21. Re1 Qb8 22. Nde4 Nb6 23. Nh5 Bxe4 24. Bxe4 Rxc1 25. Rxc1 Kh8 26. Rd1 g6 27. Ng3 Nd5 28. Qf3 Nc3 29. Rd3 Nxe4 30. Nxe4 Qc7 31. h3 Kg7 32. Kh2 h5 33. Nd2 b6 34. Qe4 a5 35. bxa5 bxa5 36. Nf3 Qc4 37. h4 a4 38. Ng5 Qd5 39. Qe2 Bxg5 40. hxg5 Rc8 41. Qb2 Rc4 42. Qa2 Qc6 43. Qf2 Rc2 44. Qf3 Qxf3 45. Rxf3 Rc3 46. Rf2 Rxa3 47. Rd2 d3 48. Kg3 Rb3 49. Kf3 a3 50. Ke4 Rb2 51. Rxd3 a2 52. Ra3 Rb4+ 0-1

[Event "French Top 16-A 2024"]
[Site "Chartres"]
[Date "2024.06.05"]
[Round "7.2"]
[White "Bosc, Seraphina"]
[Black "Emmenecker, Pierre-Antoine"]
[Result "0-1"]
[ECO "C55"]
[WhiteElo "2215"]
[BlackElo "2306"]
[Annotator "RC"]
[PlyCount "81"]
[EventDate "2024.06.01"]
[EventType "team-tourn"]
[EventCountry "FRA"]
[SourceTitle "playchess.com"]
[Source "ChessBase"]
[SourceQuality "1"]
[TimeControl "40/5400+30:1800+30"]

1. e4 e5 2. Nf3 Nc6 3. Bc4 Nf6 4. d3 h6 5. c3 d6 6. a4 g5 7. O-O Bg7 8. Re1 O-O 9. Na3 d5 10. exd5 Nxd5 11. Bb5 g4 12. Bxc6 gxf3 13. Bxd5 Qxd5 14. Qxf3 Qxf3 15. gxf3 Bf5 16. f4 Rfe8 17. fxe5 Bxe5 18. Be3 Kh7 19. f4 Bf6 20. Bd4 Rg8+ 21. Kh1 Bxd4 22. cxd4 Be6 23. Rxe6 fxe6 24. Nb5 Rg7 25. Rg1 Rxg1+ 26. Kxg1 Rd8 27. Nxc7 Rxd4 28. Nxe6 Rxd3 29. f5 Rf3 30. Nd8 b6 31. Nc6 a6 32. a5 bxa5 33. Nxa5 Rxf5 34. Nc4 Rf4 35. b3 Rf3 36. Na5 h5 37. Kg2 Rc3 38. b4 Kg6 39. Nb7 Rc4 40. Nc5 a5 41. Kf3 0-1

[Event "French Top 16-A 2024"]
[Site "Chartres"]
[Date "2024.06.05"]
[Round "7.3"]
[White "Parligras, Mircea-Emilian"]
[Black "Bailet, Pierre"]
[Result "1/2-1/2"]
[ECO "D12"]
[WhiteElo "2561"]
[BlackElo "2492"]
[Annotator "TA"]
[PlyCount "152"]
[EventDate "2024.06.01"]
[EventType "team-tourn"]
[EventCountry "FRA"]
[SourceTitle "playchess.com"]
[Source "ChessBase"]
[SourceQuality "1"]
[TimeControl "40/5400+30:1800+30"]

1. d4 d5 2. c4 c6 3. Nf3 Nf6 4. e3 Bf5 5. Nc3 e6 6. Nh4 Bg6 7. Nxg6 hxg6 8. Bd2 Nbd7 9. Qc2 a6 10. Be2 dxc4 11. Bxc4 Be7 12. Be2 c5 13. dxc5 Nxc5 14. O-O Rc8 15. Rfd1 b5 16. Rac1 Qb6 17. Be1 O-O 18. Bf3 Rfd8 19. Ne2 e5 20. Nc3 Qe6 21. a3 e4 22. Be2 Rxd1 23. Rxd1 Na4 24. Qb1 Nxc3 25. Bxc3 Qb3 26. Rc1 Nd5 27. Bd4 Rxc1+ 28. Qxc1 Bf6 29. Bd1 Qa2 30. Bxf6 gxf6 31. Qc5 f5 32. g3 Nf6 33. Qd4 Qe6 34. a4 bxa4 35. Qxa4 Qd6 36. Bb3 Kg7 (36... Nd7 $11) 37. Qc4 $14 Qd7 ({Better is} 37... Ng4) 38. Qxa6 $16 Qd2 (38... Ng4 $16 {was necessary.}) 39. Qb7 Qxb2 40. Qxf7+ Kh6 41. h3 (41. Qf8+ $18 Kh7 42. Qf7+ Kh6 43. Qf8+ Kh7 44. Bc4) 41... Nh7 $16 42. Kg2 Qg7 43. Qe8 Qf6 44. Bd1 Qd6 45. Be2 Qd2 46. Bc4 Qd1 47. Qe5 Qf3+ 48. Kg1 Qd1+ 49. Bf1 Qd8 50. Kg2 Qf6 51. Qf4+ Qg5 (51... g5 $16 {keeps fighting.} 52. Qc7 Kg6) 52. Qc7 $18 Qf6 53. Bc4 Qc3 54. Qc5 Ng5 (54... Qf6 $16 55. Qc7 Ng5) 55. Qf8+ (55. Qd4 $18 Qxd4 56. exd4) 55... Qg7 $16 56. Qd8 Nf3 57. Be2 Ng5 (57... Ne1+ $16 {was worth a try.} 58. Kf1 Qa1) 58. Qb8 (58. g4 $1 $18) 58... Qf6 $16 59. Qf4 Kg7 60. Qc7+ Qf7 61. Qc5 Qf8 {[%emt 0:00:26] [#]} (61... Ne6 $16 62. Qb5 Qe7) 62. Qxf8+ $1 $18 Kxf8 63. h4 Nf7 64. g4 Ke7 65. g5 Ne5 66. Kf1 Kd6 67. Ke1 (67. Kg1 $16) 67... Nc6 (67... Ke6 $11) 68. Kd2 (68. f3 $16) 68... Ke5 {[%emt 0:00:10] [#]} (68... Ne5 $11 {remains equal.}) 69. h5 (69. f4+ $1 $16 exf3 70. Bxf3) 69... gxh5 $11 70. Bxh5 Ne7 71. Bf7 f4 72. g6 fxe3+ 73. Kxe3 Nf5+ 74. Kd2 Kf6 75. Kc3 e3 76. fxe3 Ke5 $2 (76... Nxe3 $11 77. g7 Kxg7) 1/2-1/2

[Event "French Top 16-A 2024"]
[Site "Chartres"]
[Date "2024.06.05"]
[Round "7.3"]
[White "Willems, Niels"]
[Black "Solakian-Van Eyll, Jerome"]
[Result "1-0"]
[ECO "A28"]
[WhiteElo "2329"]
[BlackElo "2247"]
[Annotator "RC"]
[PlyCount "64"]
[EventDate "2024.06.01"]
[EventType "team-tourn"]
[EventCountry "FRA"]
[SourceTitle "playchess.com"]
[Source "ChessBase"]
[SourceQuality "1"]
[TimeControl "40/5400+30:1800+30"]

1. c4 e5 2. Nc3 Bb4 3. Qc2 Nf6 4. Nf3 Qe7 5. e3 Bxc3 6. Qxc3 Nc6 7. Be2 d5 8. d4 exd4 9. Nxd4 Nxd4 10. Qxd4 c5 11. Qh4 dxc4 12. Qxc4 O-O 13. O-O Rd8 14. f3 Be6 15. Qh4 Nd5 16. Qxe7 Nxe7 17. Rd1 Rxd1+ 18. Bxd1 Rd8 19. Be2 Nc6 20. b3 Nb4 21. e4 f6 22. h4 b6 23. Bf4 Kf7 24. Kf1 Ke7 25. e5 Bf5 26. exf6+ gxf6 27. a3 Nc2 28. Rc1 Nd4 29. Bd1 Be6 30. Rb1 Bf5 31. Rc1 Be6 32. Rb1 Bf5 1-0

[Event "French Top 16-A 2024"]
[Site "Chartres"]
[Date "2024.06.05"]
[Round "7.4"]
[White "Ganguly, Surya Shekhar"]
[Black "Wirig, Anthony"]
[Result "1-0"]
[ECO "B40"]
[WhiteElo "2576"]
[BlackElo "2453"]
[Annotator "TA"]
[PlyCount "55"]
[EventDate "2024.06.01"]
[EventType "team-tourn"]
[EventCountry "FRA"]
[SourceTitle "playchess.com"]
[Source "ChessBase"]
[SourceQuality "1"]
[TimeControl "40/5400+30:1800+30"]

1. e4 c5 2. Nf3 e6 3. d4 cxd4 4. Qxd4 Nc6 5. Qe3 Nf6 6. Nc3 Bb4 7. a3 Bxc3+ 8. Qxc3 {[%emt 0:01:21] The position is equal.} h6 {[%emt 0:00:03][%cal Oe8g8] Prevents Bg5} 9. e5 Ne4 10. Qd3 Qa5+ 11. c3 Ng5 12. Bxg5 hxg5 13. Qe4 $36 {[%emt 0:00:51][%cal Oe1c1][%mdl 2048] White has some pressure.} ({Reject} 13. Nxg5 Qxe5+ (13... Nxe5 14. Qg3 $14) 14. Qe3 Qxe3+ (14... Rxh2 $2 {loses.} 15. Qxe5 Nxe5 16. Rxh2 $18) 15. fxe3 Ne5 $15) 13... g4 14. Qxg4 Nxe5 15. Qxg7 Nxf3+ 16. gxf3 Qh5 17. Qd4 {[%emt 0:02:31] Dodges b6} Qh4 ({Black should try} 17... d6) 18. f4 $16 {[%emt 0:01:10] White is more active.} Rh5 $2 {[%emt 0:01:23] [#]} (18... d5 $16 19. O-O-O Ke7 20. Qb4+ Ke8) 19. Rg1 $1 $18 Rd5 $2 (19... Ke7 20. Rd1 Rh8) 20. Rg8+ Ke7 21. Qg7 {[%emt 0:00:24] Intending Qf8+ and mate.} Kd6 (21... Qxf4 $142 22. Qf8+ Kf6 23. Qd8+ Ke5 24. Qc7+ d6) 22. Bg2 Rf5 23. Be4 {[%emt 0:01:07] [#] White wants to mate with Rd1+.} Rxf4 24. Rd1+ {[%emt 0:04:33] White mates.} Ke7 25. Qf8+ Kf6 26. Rg6+ Ke5 27. Qc5+ Kxe4 28. Rd4+ {[%emt 0:00:05] Black did not feel at home in the position after the opening.   Weighted Error Value: White=0.41/Black=0.63.  Mistake:       	---       	Black=4      Inaccurate:     	White=1     	Black=4      OK:         	White=8     	Black=4      Best:        	White=2     	Black=2      Strong:       	White=1     	---} 1-0

[Event "French Top 16-A 2024"]
[Site "Chartres"]
[Date "2024.06.05"]
[Round "7.4"]
[White "Ramirez Garcia, Jorge Alberto"]
[Black "Dumas, Charles"]
[Result "0-1"]
[ECO "B22"]
[WhiteElo "2266"]
[BlackElo "2256"]
[Annotator "RC"]
[PlyCount "94"]
[EventDate "2024.06.01"]
[EventType "team-tourn"]
[EventCountry "FRA"]
[SourceTitle "playchess.com"]
[Source "ChessBase"]
[SourceQuality "1"]
[TimeControl "40/5400+30:1800+30"]

1. e4 c5 2. Nf3 Nc6 3. c3 d5 4. exd5 Qxd5 5. d4 Bf5 6. Be3 cxd4 7. Nxd4 Nf6 8. Nxf5 Qxf5 9. Qd3 Qxd3 10. Bxd3 O-O-O 11. Ke2 Nd5 12. Nd2 e6 13. Rhd1 Nxe3 14. fxe3 Ne5 15. Be4 Bc5 16. b4 Bb6 17. c4 Rd7 18. c5 Bc7 19. Nb3 f5 20. Bc2 Nc6 21. Rxd7 Kxd7 22. Rd1+ Ke7 23. b5 Nb4 24. Bb1 Bxh2 25. e4 fxe4 26. Bxe4 Nxa2 27. Rd3 Be5 28. Bxb7 Nc3+ 29. Ke3 Nxb5 30. Na5 Kf6 31. Rd7 h5 32. Be4 h4 33. Nc6 h3 34. Nxe5 Kxe5 35. gxh3 Rxh3+ 36. Bf3 g5 37. Kf2 Nd4 38. Bg4 Rc3 39. Rxa7 Kf4 40. Ra4 Kxg4 41. Rxd4+ Kf5 42. Rd8 Rxc5 43. Ke3 Ra5 44. Rf8+ Kg4 45. Rf6 Re5+ 46. Kd2 Kh4 47. Rf1 g4 0-1

[Event "French Top 16-A 2024"]
[Site "Chartres"]
[Date "2024.06.05"]
[Round "7.5"]
[White "Bonte, Andrei-Mihai"]
[Black "Sohier, Julien"]
[Result "1-0"]
[ECO "D02"]
[WhiteElo "2270"]
[BlackElo "2214"]
[Annotator "RC"]
[PlyCount "129"]
[EventDate "2024.06.01"]
[EventType "team-tourn"]
[EventCountry "FRA"]
[SourceTitle "playchess.com"]
[Source "ChessBase"]
[SourceQuality "1"]
[TimeControl "40/5400+30:1800+30"]

1. d4 d5 2. Nf3 Nf6 3. c3 e6 4. Bf4 Bd6 5. e3 Bxf4 6. exf4 O-O 7. Bd3 c5 8. dxc5 Qc7 9. g3 Qxc5 10. O-O b6 11. Qe2 a5 12. Na3 Ba6 13. Nb5 Bxb5 14. Bxb5 Nbd7 15. a4 Rac8 16. Rfe1 Rfd8 17. Rad1 Qc7 18. Nd4 g6 19. Nxe6 fxe6 20. Qxe6+ Kg7 21. Qe7+ Kg8 22. Bxd7 Nxd7 23. Qe6+ Kf8 24. f5 Re8 25. Qxd5 Nf6 26. Rxe8+ Rxe8 27. Qd6+ Qe7 28. fxg6 hxg6 29. Qxb6 Qe5 30. h3 Kf7 31. Rd6 Qf5 32. Qb3+ Kg7 33. Qb7+ Kf8 34. Qb6 Kf7 35. Qd4 Re7 36. Kg2 Re5 37. b4 axb4 38. cxb4 Qe4+ 39. Qxe4 Rxe4 40. Rb6 Nd5 41. Rb7+ Ke6 42. a5 Nxb4 43. Rb6+ Kf7 44. a6 Nd5 45. Rb5 Ke6 46. Ra5 Nc7 47. a7 Na8 48. Ra6+ Kf7 49. h4 Rb4 50. Ra2 Kf6 51. f3 Rb3 52. g4 Rb4 53. Kg3 Kg7 54. Ra5 Kf7 55. h5 gxh5 56. Rxh5 Kg7 57. Ra5 Kg6 58. Ra6+ Kg7 59. f4 Rc4 60. f5 Rb4 61. Kh4 Rc4 62. Kh5 Rc1 63. Rg6+ Kh7 64. Rd6 Rc7 65. g5 1-0

[Event "French Top 16-A 2024"]
[Site "Chartres"]
[Date "2024.06.05"]
[Round "7.6"]
[White "Barseghyan, Harutyun"]
[Black "Demuth, Adrien"]
[Result "1/2-1/2"]
[ECO "A41"]
[WhiteElo "2431"]
[BlackElo "2505"]
[Annotator "RC"]
[PlyCount "117"]
[EventDate "2024.06.01"]
[EventType "team-tourn"]
[EventCountry "FRA"]
[SourceTitle "playchess.com"]
[Source "ChessBase"]
[SourceQuality "1"]
[TimeControl "40/5400+30:1800+30"]

1. d4 g6 2. Nf3 Bg7 3. c4 d6 4. e4 Bg4 5. Be2 e5 6. d5 Bxf3 7. Bxf3 Nd7 8. g3 h5 9. h4 Bh6 10. Nd2 Ngf6 11. Qe2 a5 12. b3 Qe7 13. Rb1 Kf8 14. Kf1 Kg7 15. Kg2 c6 16. a3 Rhc8 17. Re1 cxd5 18. cxd5 Rc2 19. Qd1 Rac8 20. b4 a4 21. Re2 Nb6 22. Bb2 Qc7 23. Kg1 Bxd2 24. Rxd2 Rxd2 25. Qxd2 Nc4 26. Qe2 Nxb2 27. Qxb2 Qc3 28. Kg2 Qxb2 29. Rxb2 Rc3 30. Ra2 Kf8 31. Bd1 Nxe4 32. Bxa4 Nf6 33. Bd1 Ke7 34. a4 Rc1 35. Bb3 Rc3 36. Rb2 Kd8 37. a5 Kc7 38. b5 Kb8 39. Bd1 Nd7 40. f4 e4 41. f5 Rd3 42. fxg6 fxg6 43. Be2 Rxd5 44. Kf2 Rd4 45. Ke3 Ra4 46. Rd2 Kc7 47. Rd5 Nc5 48. a6 bxa6 49. bxa6 Ra3+ 50. Kf4 Ne6+ 51. Kxe4 Nc5+ 52. Kf4 Ne6+ 53. Ke4 Nc5+ 54. Kf4 Kc6 55. Rd1 Ne6+ 56. Ke4 Nc5+ 57. Kf4 Ne6+ 58. Ke4 Nc5+ 59. Kf4 1/2-1/2

[Event "French Top 16-A 2024"]
[Site "Chartres"]
[Date "2024.06.05"]
[Round "7.6"]
[White "De Balmann, Marc"]
[Black "Warnier, Yanis"]
[Result "0-1"]
[ECO "A07"]
[WhiteElo "2151"]
[BlackElo "2171"]
[Annotator "RC"]
[PlyCount "52"]
[EventDate "2024.06.01"]
[EventType "team-tourn"]
[EventCountry "FRA"]
[SourceTitle "playchess.com"]
[Source "ChessBase"]
[SourceQuality "1"]
[TimeControl "40/5400+30:1800+30"]

1. Nf3 Nf6 2. g3 d5 3. Bg2 e6 4. O-O Be7 5. d3 O-O 6. Nbd2 a5 7. e4 a4 8. a3 c5 9. Re1 Nc6 10. e5 Nd7 11. Nf1 Ra6 12. h4 f6 13. exf6 Nxf6 14. Bh3 Bd6 15. Bxe6+ Bxe6 16. Rxe6 Qd7 17. Re1 Ng4 18. N1h2 Nxf2 19. Kxf2 Qh3 20. Kg1 Nd4 21. Bf4 Bxf4 22. gxf4 Rg6+ 23. Ng5 Qxh4 24. Kh1 Qxf4 25. Nxh7 Rh6 26. Nf6+ Rfxf6 0-1

[Event "French Top 16-A 2024"]
[Site "Chartres"]
[Date "2024.06.05"]
[Round "7.7"]
[White "Loiseau, Quentin"]
[Black "Migot, Tangi"]
[Result "1-0"]
[ECO "B44"]
[WhiteElo "2411"]
[BlackElo "2326"]
[Annotator "RC"]
[PlyCount "59"]
[EventDate "2024.06.01"]
[EventType "team-tourn"]
[EventCountry "FRA"]
[SourceTitle "playchess.com"]
[Source "ChessBase"]
[SourceQuality "1"]
[TimeControl "40/5400+30:1800+30"]

1. e4 c5 2. Nf3 e6 3. d4 cxd4 4. Nxd4 Nc6 5. Bf4 d6 6. Nxc6 bxc6 7. c4 e5 8. Be3 Nf6 9. Nc3 Be7 10. Be2 Be6 11. O-O O-O 12. b4 Qb8 13. Rb1 Rd8 14. b5 Qc8 15. bxc6 Qxc6 16. Nd5 Bxd5 17. cxd5 Qc7 18. Qa4 Rdb8 19. Bb5 Bd8 20. Rbc1 Qa5 21. Qxa5 Bxa5 22. Bc6 Nxe4 23. Bxa8 Rxa8 24. Rc6 f5 25. Rfc1 Kf7 26. Ra6 Bb4 27. a3 f4 28. axb4 fxe3 29. fxe3 Rb8 30. Rc4 1-0

[Event "French Top 16-A 2024"]
[Site "Chartres"]
[Date "2024.06.05"]
[Round "7.7"]
[White "Malassagne, Raphael"]
[Black "Hirth, Julien"]
[Result "1/2-1/2"]
[ECO "A49"]
[WhiteElo "2260"]
[BlackElo "2063"]
[Annotator "RC"]
[PlyCount "103"]
[EventDate "2024.06.01"]
[EventType "team-tourn"]
[EventCountry "FRA"]
[SourceTitle "playchess.com"]
[Source "ChessBase"]
[SourceQuality "1"]
[TimeControl "40/5400+30:1800+30"]

1. Nf3 Nf6 2. g3 g6 3. Bg2 Bg7 4. O-O O-O 5. d4 d6 6. b3 b5 7. Bb2 Bb7 8. c4 bxc4 9. bxc4 Nbd7 10. e3 Rb8 11. Qc1 Ne4 12. Nfd2 Nxd2 13. Nxd2 Bxg2 14. Kxg2 c5 15. Rb1 Qa5 16. dxc5 Bxb2 17. Rxb2 Nxc5 18. Rxb8 Rxb8 19. Qc2 Qc7 20. Rb1 Rxb1 21. Qxb1 Qc6+ 22. Kg1 Kg7 23. h4 Qb7 24. Qa1+ e5 25. Qc3 Qd7 26. Kg2 Qf5 27. f3 Qd3 28. Qxd3 Nxd3 29. Ne4 Nb4 30. Nxd6 Nxa2 31. c5 Nb4 32. Nc4 Kf6 33. Kf1 Ke6 34. e4 f6 35. Ke2 Na6 36. c6 Nb4 37. c7 Kd7 38. Nd6 Kxc7 39. Ne8+ Kc6 40. Nxf6 Kc5 41. Kd2 Kd4 42. Nxh7 a5 43. Nf6 a4 44. Nd5 Nxd5 45. exd5 Kxd5 46. Kc3 e4 47. fxe4+ Kxe4 48. g4 Kf4 49. h5 gxh5 50. gxh5 Kg5 51. Kb4 Kxh5 52. Kxa4 1/2-1/2

[Event "French Top 16-A 2024"]
[Site "Chartres"]
[Date "2024.06.05"]
[Round "7.8"]
[White "Fischer, Julie"]
[Black "Milliet, Sophie"]
[Result "0-1"]
[ECO "B40"]
[WhiteElo "2092"]
[BlackElo "2385"]
[Annotator "RC"]
[PlyCount "116"]
[EventDate "2024.06.01"]
[EventType "team-tourn"]
[EventCountry "FRA"]
[SourceTitle "playchess.com"]
[Source "ChessBase"]
[SourceQuality "1"]
[TimeControl "40/5400+30:1800+30"]

1. e4 c5 2. Nf3 e6 3. b3 a6 4. Bb2 Nc6 5. e5 b6 6. Bd3 Bb7 7. O-O Nb4 8. Be2 Ne7 9. d4 Nf5 10. c4 cxd4 11. Nxd4 Nxd4 12. Bxd4 Nc6 13. Bf3 Qc7 14. Bb2 d6 15. Qe2 Be7 16. exd6 Bxd6 17. h3 O-O 18. Nd2 Rad8 19. Rad1 Bc5 20. Bxc6 Qxc6 21. Nf3 f6 22. Rd2 Rxd2 23. Qxd2 Qc8 24. Qe2 Rd8 25. Rd1 e5 26. a3 a5 27. Ne1 Rd6 28. Rxd6 Bxd6 29. f3 f5 30. Kh1 Qe6 31. Qd2 Bc7 32. Nc2 e4 33. Qd4 Qg6 34. f4 Bc6 35. Ne3 Bxf4 36. Nxf5 Bg5 37. Qe5 h6 38. Nd4 Bf6 39. Qe6+ Kh7 40. Qxc6 e3 41. Ne2 Bxb2 42. Qxg6+ Kxg6 43. g4 Bxa3 44. Kg2 Bc5 45. Kf3 Kf6 46. Kf4 Ke6 47. Ke4 Kd6 48. h4 Kc6 49. Nc3 Bb4 50. Ne2 Bd2 51. h5 Kc5 52. Kd3 Kb4 53. Nd4 Bc3 54. Ne2 Bf6 55. Kc2 a4 56. Nc1 axb3+ 57. Nxb3 e2 58. Nc1 e1=N+ 0-1

[Event "French Top 16-A 2024"]
[Site "Chartres"]
[Date "2024.06.05"]
[Round "7.8"]
[White "Lemonnier, Remi"]
[Black "Malassagne, Isabelle"]
[Result "1-0"]
[ECO "B12"]
[WhiteElo "2022"]
[BlackElo "2090"]
[Annotator "RC"]
[PlyCount "123"]
[EventDate "2024.06.01"]
[EventType "team-tourn"]
[EventCountry "FRA"]
[SourceTitle "playchess.com"]
[Source "ChessBase"]
[SourceQuality "1"]
[TimeControl "40/5400+30:1800+30"]

1. e4 c6 2. d4 d5 3. e5 c5 4. dxc5 e6 5. a3 Bxc5 6. Nf3 Nd7 7. b4 Be7 8. Bb2 Qc7 9. Bd3 f6 10. Qe2 fxe5 11. Nxe5 Ngf6 12. O-O O-O 13. Ng6 Rf7 14. Nxe7+ Rxe7 15. c4 e5 16. cxd5 e4 17. Bc4 Qd6 18. Nc3 a6 19. Bb3 Ne5 20. Qe3 Bf5 21. Qc5 Rd8 22. Qxd6 Rxd6 23. Nd1 b5 24. Ne3 Bd7 25. Bd4 Ne8 26. Bc5 Nd3 27. Bxd6 Nxd6 28. Nc2 Re5 29. Ne3 Nf4 30. Rfe1 Rg5 31. g3 Nh3+ 32. Kg2 Nf4+ 33. Kg1 Nh3+ 34. Kf1 Rg6 35. Rec1 Rf6 36. Rc2 Ng5 37. Ke2 Nf3 38. Rd1 Nxh2 39. Rc7 Be8 40. g4 h5 41. Nf5 Nxg4 42. Nxd6 Rxd6 43. Re7 Nf6 44. Re6 Rd8 45. Rxa6 Bd7 46. d6+ Kh7 47. Rg1 Bg4+ 48. Ke3 Ne8 49. Bd1 Bf5 50. Bxh5 Nxd6 51. Be2 Nc4+ 52. Bxc4 bxc4 53. Rh1+ Kg8 54. Kf4 g6 55. Rc1 Rf8 56. Kg5 Rc8 57. b5 Rc5 58. Kf6 Bg4 59. Kxg6 Kf8 60. b6 Be6 61. b7 Bf7+ 62. Kf6 1-0